 Dungeon Crawl Stone Soup version 0.30-a0-900-g23479c02f2 (webtiles) character file.

Game seed: 16980135951283176305

3097 Sobieck the Covert (level 9, 0/39 HPs)
             Began as a Spriggan Earth Elementalist on Mar 18, 2023.
             Was an Initiate of Ashenzari.
             Slain by Gastronok (37 damage)
             ... on level 8 of the Dungeon.
             The game lasted 00:17:17 (8389 turns).

Sobieck the Covert (Spriggan Earth Elementalist)    Turns: 8389, Time: 00:17:17

Health: 0/39       AC:  3    Str:  4    XL:     9   Next: 59%
Magic:  17/23      EV: 17    Int: 21    God:    Ashenzari [......]
Gold:   455        SH:  5    Dex: 15    Spells: 20/26 levels left

rFire   . . .      SeeInvis +    N - +1 dagger (elec) {short}
rCold   . . .      Faith    .    (no shield)
rNeg    . . .      Spirit   .    a - +1 robe "Shackled With Me" {Cun, Comp} (curse)
rPois   .          Reflect  +    (helmet restricted)
rElec   .          Rampage  .    (no cloak)
rCorr   .                        (gloves unavailable)
Will    +....                    (boots unavailable)
Stlth   +++++                    k - amulet of reflection
HPRegen 0.26/turn                (no ring)
MPRegen 0.18/turn                (no ring)

@: very quick
A: very small, no large weapons, unfitting armour, see invisible, speed 3
a: Renounce Religion, Shatter the Chains


You were on level 8 of the Dungeon.
You worshipped Ashenzari.
Ashenzari was noncommittal.
You visited 2 branches of the dungeon, and saw 9 of its levels.

You collected 455 gold pieces.


Innate Abilities, Weirdness & Mutations

You are very small and have problems with some larger weapons.
You are too small for most types of armour.
You have supernaturally acute eyesight. (SInv)
You cover ground extremely quickly. (Speed+++)


   Skills:
 - Level 4.0 Short Blades
 - Level 2.6(3.0) Dodging
 + Level 12.9(13.3) Stealth
 - Level 9.0 Spellcasting
 - Level 1.3 Transmutations
 - Level 7.0 Earth Magic


You had 20 spell levels left.
You knew the following spells:

 Your Spells              Type           Power      Damage    Failure   Level
a - Sandblast             Erth           76%        2d16      1%          1
b - Passwall              Tmut/Erth      22%        N/A       1%          2
c - Stone Arrow           Conj/Erth      48%        3d10      4%          3

Your spell library contained the following spells:

 Spells                   Type           Power      Damage    Failure   Level
 Petrify                  Tmut/Erth      27%        N/A       13%         4
 Ozocubu's Armour         Ice            9%         N/A       22%         3
 Animate Dead             Necr           9%         N/A       56%         4
 Haunt                    Necr/Summ      4%         N/A       100%        7
 Ozocubu's Refrigeration  Ice            4%         4d8       100%        7
 Infestation              Necr           4%         N/A       100%        8

Inventory:

Hand Weapons
 d - a +0 whip {mace}
   (You found it on level 1 of the Dungeon)
 e - a +0 club {mace}
   (You found it on level 1 of the Dungeon)
 h - a +0 dagger {short}
   (You took it off a goblin on level 1 of the Dungeon)
 y - a +1 mace of draining {mace}
   (You took it off an orc on level 3 of the Dungeon)
 z - a +0 whip of venom {mace}
   (You took it off an orc on level 3 of the Dungeon)
 D - a +2 dagger of draining {short}
   (You took it off a kobold on level 3 of the Dungeon)
 N - a +1 dagger of electrocution (weapon) {short}
   (You took it off an orc priest on level 7 of the Dungeon)
 Q - a +3 dagger {short}
   (You took it off an orc wizard on level 7 of the Dungeon)
Missiles
 c - 13 poisoned darts {throwing}
 p - 39 stones {throwing}
 s - 6 boomerangs {throwing}
 F - a throwing net {=f!fthrowing}
Armour
 a - the cursed +1 robe "Shackled With Me" (worn) {Cun, Comp}

   It has a curse which improves the following skills: Cunning: Dodging and
   Stealth.
   Companions: Summonings and Necromancy.
 n - a +0 robe
   (You took it off an orc wizard on level 4 of the Dungeon)
 r - a +0 robe
   (You found it on level 2 of the Dungeon)
 u - a +0 robe
   (You took it off Blork the orc on level 5 of the Dungeon)
 v - a +0 robe
   (You found it on level 5 of the Dungeon)
 w - a +0 robe
   (You took it off an orc wizard on level 5 of the Dungeon)
 x - a +0 robe
   (You took it off Dowan on level 5 of the Dungeon)
 G - a +0 robe
   (You found it on level 3 of the Dungeon)
 H - a +0 robe
   (You took it off an orc wizard on level 6 of the Dungeon)
 I - a +0 robe
   (You took it off an orc wizard on level 6 of the Dungeon)
 K - a +0 robe
   (You found it on level 6 of the Dungeon)
 M - a +0 robe
   (You took it off an orc wizard on level 6 of the Dungeon)
 P - a +0 robe
   (You took it off an orc wizard on level 7 of the Dungeon)
 R - a +0 robe
   (You took it off an orc wizard on level 7 of the Dungeon)
Magical Staves
 l - a staff of conjuration {!a@e2staff}
   (You found it on level 1 of the Dungeon)
Jewellery
 k - an amulet of reflection (around neck)
   (You found it on level 1 of the Dungeon)
 J - an amulet of faith {!P}
   (You found it on level 6 of the Dungeon)
Wands
 o - a wand of flame (22)
   (You found it on level 5 of the Dungeon)
 C - a wand of paralysis (8)
   (You found it on level 6 of the Dungeon)
 L - a wand of polymorph (10)
   (You found it on level 6 of the Dungeon)
Scrolls
 j - a scroll of blinking {!r}
 O - 2 scrolls of fog
Potions
 b - a potion of magic
 f - 4 potions of lignification {!q}
 g - 2 potions of might
 i - 7 potions of curing {@q1}
 m - 4 potions of degeneration {!q@e2}
 q - a potion of cancellation {unknown}
 t - 4 potions of attraction {!q}
 A - a potion of haste {unknown}
 B - 2 potions of mutation {!q}
 E - 2 potions of heal wounds {@q2}

Dungeon Overview and Level Annotations

Branches:
Dungeon (8/15) Zot: 26905  Temple (1/1) D:5 Zot: 5950
   Lair: D:8-11

Altars:
Ashenzari
Cheibriados
Dithmenos
Elyvilon
Fedhas
Hepliaklqana
Kikubaaqudgha
Makhleb
Nemelex Xobeh
Qazlal
Ru
Sif Muna
Wu Jian
Xom
The Shining One

Shops:
D:1 *   D:3 *

Annotations:
D:4 2 transporters, sjgraves's ghost, amateur TrTm
D:8 2 transporters, Gastronok

#########
.........
........#####
......).w...###.
........@.......
$.......###.###.
................
........###.####
........'.#
........#.#
#########.# #.#
#.#


You could see Gastronok.


Message History

a +0 whip {mace}; a +0 leather armour; an orc skeleton
p - 39 stones {throwing} (gained 8)
You now have 455 gold pieces (gained 10).
An orc comes into view. It is wielding a +0 hand axe.
Danger!
The helpless orc fails to defend itself.
You stick the orc like a pincushion!!!
You kill the orc!
Things that are here:
a +0 hand axe {axe}; a +0 chain mail Ashenzari invites you to partake of a vision and a curse of cunning and companions.
Okay, then.
Unknown command.
Unknown command.
Done exploring.
Done exploring.
Your +1 robe glows black for a moment.
(D) Dungeon (T) Temple
Where to? (Enter - D:6 @ (x,y), ? - help)
There is a stone staircase leading down here.
You climb downwards.
There is a stone staircase leading up here.
Unknown command.
You see here a +0 ring mail.
A howler monkey comes into view.
Danger!
Unknown command.
Casting: Passwall (safe; 1% risk of failure)
Confirm with . or Enter, or press ? or * to list all spells.
Aiming: Passwall (safe; 1% risk of failure)
Press: ? - help, Dir - move target A rock wall.
You begin to meditate on the wall.
You continue meditating on the rock. x2
You finish merging with the rock.
Danger!
The helpless howler monkey fails to defend itself.
You spit the howler monkey like a pig!!!
Lightning courses through the howler monkey!
You kill the howler monkey!
You open the door.
There is an open door here.
Found a stone staircase leading down.
You open the door.
There is an open door here.
Found a +2 barding of rampaging.
Unknown command.
There is an open door here.
You open the door.
An acid dragon comes into view.
There is an open door here.
Danger!
Casting: Passwall (safe; 1% risk of failure)
Confirm with . or Enter, or press ? or * to list all spells.
Aiming: Passwall (safe; 1% risk of failure)
Press: ? - help, Dir - move target A rock wall.
You begin to meditate on the wall.
You continue meditating on the rock. x2
You finish merging with the rock.
Danger!
The helpless acid dragon fails to defend itself.
You stick the acid dragon like a pincushion!!!
You kill the acid dragon!
Casting: Passwall (safe; 1% risk of failure)
Confirm with . or Enter, or press ? or * to list all spells.
Aiming: Passwall (safe; 1% risk of failure)
Press: ? - help, Dir - move target A rock wall.
You begin to meditate on the wall.
You continue meditating on the rock. x2
You finish merging with the rock.
Danger!
The helpless Gastronok fails to defend himself.
You skewer Gastronok like a kebab!!! Lightning courses through Gastronok!!
Unknown command.
Casting: Passwall (safe; 1% risk of failure)
Confirm with . or Enter, or press ? or * to list all spells.
Aiming: Sandblast (safe; 1% risk of failure)
Press: ? - help, Shift-Dir - straight line, f - Gastronok
Aim: Gastronok, wearing the +3 hat of Pondering {ponderous, Will+ MP+10 Int+5} (severely wounded, 100% to hit)
The blast of sand hits Gastronok but does no damage.
You block Gastronok's attack.
Casting: Sandblast (safe; 1% risk of failure)
Confirm with . or Enter, or press ? or * to list all spells.
Aiming: Sandblast (safe; 1% risk of failure)
Press: ? - help, Shift-Dir - straight line, f/p - Gastronok
Aim: Gastronok, wearing the +3 hat of Pondering {ponderous, Will+ MP+10 Int+5} (severely wounded, 100% to hit)
The blast of sand hits Gastronok!
Gastronok bites you.
Casting: Sandblast (safe; 1% risk of failure)
Confirm with . or Enter, or press ? or * to list all spells.
Aiming: Sandblast (safe; 1% risk of failure)
Press: ? - help, Shift-Dir - straight line, f/p - Gastronok
Aim: Gastronok, wearing the +3 hat of Pondering {ponderous, Will+ MP+10 Int+5} (severely wounded, 100% to hit)
The blast of sand hits Gastronok but does no damage.
Casting: Sandblast (safe; 1% risk of failure)
Confirm with . or Enter, or press ? or * to list all spells.
Aiming: Sandblast (safe; 1% risk of failure)
Press: ? - help, Shift-Dir - straight line, f/p - Gastronok
Aim: Gastronok, wearing the +3 hat of Pondering {ponderous, Will+ MP+10 Int+5} (severely wounded, 100% to hit)
The blast of sand hits Gastronok.
Gastronok bites you!!!
Ouch! That really hurt!
You die...

Skill      XL: |  1  2  3  4  5  6  7  8  9 |
---------------+----------------------------+-----
Spellcasting   | 3 4 5 6 8 9 |  9.0
Earth Magic    | 3 4 5 6 7 |  7.0
Short Blades   | 1 2 3 4 |  4.0
Stealth        | 4 5 6 8 10 12 | 12.9
Dodging        | |  2.6
Transmutations | |  1.3

Action                     |  1- 3 |  4- 6 |  7- 9 || total
---------------------------+-------+-------+-------++-------
  Melee: Dagger            |    55 |    23 |    31 ||   109
         Punch             |     1 |       |       ||     1
   Cast: Sandblast         |    53 |    77 |   150 ||   280
         Passwall          |       |     2 |     7 ||     9
         Stone Arrow       |       |       |    14 ||    14
 Invoke: Curse Item        |       |       |     1 ||     1
    Use: Scroll            |       |    12 |     2 ||    14
   Stab: Sleeping          |     3 |    13 |    14 ||    30
 Armour: Robe              |     7 |     2 |    10 ||    19
  Dodge: Dodged            |    66 |    25 |    93 ||   184
  Block: Other             |    15 |     9 |    17 ||    41
         Reflection        |       |     1 |       ||     1

Levels and vault maps discovered:
D:1:      nicolae_arrival_somewhat_less_tricky_arrival, layout_rooms,
          serial_shops, shop
D:2:      layout_loops_cross, nrook_campfire, minmay_tree_intersection
D:3:      layout_basic, nicolae_overflow_two_pavilions, serial_shops,
          nicolae_shop_hallway_plus, grunt_ministairs_11, uniq_grinder
D:4:      layout_basic, gammafunk_ghost_stat_death, minmay_crystal_room
D:5:      layout_basic, nicolae_ru_path_of_blood, makhleb_altar_promises_db,
          general_overflow_altar, minmay_temple_entry_antechambers,
          minmay_ruined_shrine, uniq_duvessa, uniq_eustachio, uniq_blork_the_orc
D:6:      layout_basic, lightli_minifort
D:7:      layout_basic, mainiacjoe_overflow_alcove_2
D:8:      gammafunk_boulding_lane, layout_basic, uniq_gastronok
Temple:   nicolae_temple_bog_church

Notes
Turn   | Place    | Note
-------+----------+-------------------------------------------
     0 | D:1      | Sobieck the Spriggan Earth Elementalist began the quest for
                  | the Orb.
     0 | D:1      | Reached XP level 1. HP: 9/9 MP: 5/5
    34 | D:1      | Found Sogasu's Assorted Antiques.
   200 | D:1      | Reached skill level 3 in Spellcasting
   341 | D:1      | Reached XP level 2. HP: 13/13 MP: 7/7
   550 | D:1      | Reached skill level 3 in Earth Magic
   599 | D:1      | Reached skill level 1 in Short Blades
   624 | D:1      | Reached XP level 3. HP: 9/16 MP: 0/8
   878 | D:2      | Learned a level 2 spell: Passwall
   882 | D:2      | Learned a level 3 spell: Stone Arrow
  1056 | D:2      | Reached skill level 4 in Stealth
  1597 | D:2      | Reached XP level 4. HP: 21/21 MP: 5/10
  2032 | D:3      | Noticed Grinder
  2048 | D:3      | Paralysed by Grinder for 4 turns
  2052 | D:3      | HP: 5/21 [Grinder (7)]
  2055 | D:3      | Killed Grinder
  2056 | D:3      | Reached skill level 2 in Short Blades
  2056 | D:3      | Reached skill level 5 in Stealth
  2056 | D:3      | Reached skill level 4 in Spellcasting
  2056 | D:3      | Reached XP level 5. HP: 4/24 MP: 3/12
  2056 | D:3      | Reached XP level 6. HP: 5/28 MP: 3/13
  2357 | D:3      | You add the spells Ozocubu's Armour and Ozocubu's
                  | Refrigeration to your library.
  2423 | D:3      | Found Xaopren's General Store.
  2510 | D:3      | Found a snail-covered altar of Cheibriados.
  2510 | D:3      | Found a white marble altar of Elyvilon.
  2723 | D:3      | Reached skill level 4 in Earth Magic
  3084 | D:4      | Found a transporter.
  3089 | D:4      | Noticed sjgraves's ghost (amateur TrTm)
  3132 | D:4      | You pick up a book of Death and begin reading...
  3132 | D:4      | You add the spells Animate Dead, Haunt and Infestation to
                  | your library.
  3188 | D:4      | Reached skill level 3 in Short Blades
  3188 | D:4      | Reached skill level 6 in Stealth
  3277 | D:4      | Found a transporter.
  3447 | D:4      | Reached skill level 5 in Spellcasting
  3914 | D:5      | Entered Level 5 of the Dungeon
  4105 | D:5      | Noticed Dowan
  4108 | D:5      | HP: 3/28 [shadow imp/nerve-wracking pain (13)]
  4237 | D:5      | Found a sacrificial altar of Ru.
  4305 | D:4      | Reached XP level 7. HP: 32/32 MP: 10/15
  4502 | D:5      | Noticed Blork the orc
  4511 | D:5      | Killed Blork the orc
  4512 | D:5      | Reached skill level 4 in Short Blades
  4512 | D:5      | Reached skill level 7 in Stealth
  4541 | D:5      | Found an ancient bone altar of Kikubaaqudgha.
  4690 | D:5      | Noticed Duvessa
  4828 | D:5      | Reached skill level 6 in Spellcasting
  4953 | D:5      | Reached skill level 5 in Earth Magic
  5008 | D:5      | Found a burning altar of Makhleb.
  5008 | D:5      | Noticed a cacodemon
  5011 | D:5      | Noticed an orange demon
  5011 | D:5      | Noticed a ynoxinul
  5069 | D:5      | Reached skill level 8 in Stealth
  5069 | D:5      | Reached XP level 8. HP: 25/36 MP: 14/18
  5136 | D:5      | Found a staircase to the Ecumenical Temple.
  5145 | Temple   | Entered the Ecumenical Temple
  5197 | Temple   | Became a worshipper of Ashenzari the Shackled
  5234 | D:5      | Noticed Eustachio
  5269 | D:5      | Killed Duvessa
  5506 | D:5      | Found a sparkling altar of Nemelex Xobeh.
  5858 | D:5      | Killed Eustachio
  5859 | D:5      | Reached skill level 9 in Stealth
  5859 | D:5      | Reached skill level 7 in Spellcasting
  5972 | D:5      | HP: 9/36 [Dowan/+0 hand axe (3)]
  5973 | D:5      | Killed Dowan
  6345 | D:6      | Reached skill level 6 in Earth Magic
  6529 | D:6      | Reached skill level 10 in Stealth
  6775 | D:6      | Reached skill level 8 in Spellcasting
  6951 | D:6      | Reached XP level 9. HP: 39/39 MP: 22/22
  7061 | D:5      | HP: 8/39 [orc warrior/+0 glaive (8)]
  7693 | D:7      | Reached skill level 11 in Stealth
  7741 | D:7      | Reached skill level 7 in Earth Magic
  7877 | D:7      | Reached skill level 9 in Spellcasting
  7913 | D:7      | Reached skill level 12 in Stealth
  8015 | D:7      | Found a hazy altar of Hepliaklqana.
  8349 | D:8      | Found a transporter.
  8351 | D:8      | Found a transporter.
  8352 | D:8      | Noticed a boulder beetle
  8380 | D:8      | Noticed Gastronok
  8386 | D:8      | Aim: Gastronok, wearing the +3 hat of Pondering {ponderous,
                  | Will+ MP+10 Int+5} (severely wounded, 100% to hit)
  8386 | D:8      | Aim: Gastronok, wearing the +3 hat of Pondering {ponderous,
                  | Will+ MP+10 Int+5} (severely wounded, 100% to hit)
  8387 | D:8      | Aim: Gastronok, wearing the +3 hat of Pondering {ponderous,
                  | Will+ MP+10 Int+5} (severely wounded, 100% to hit)
  8387 | D:8      | Aim: Gastronok, wearing the +3 hat of Pondering {ponderous,
                  | Will+ MP+10 Int+5} (severely wounded, 100% to hit)
  8388 | D:8      | Aim: Gastronok, wearing the +3 hat of Pondering {ponderous,
                  | Will+ MP+10 Int+5} (severely wounded, 100% to hit)
  8388 | D:8      | Aim: Gastronok, wearing the +3 hat of Pondering {ponderous,
                  | Will+ MP+10 Int+5} (severely wounded, 100% to hit)
  8389 | D:8      | Aim: Gastronok, wearing the +3 hat of Pondering {ponderous,
                  | Will+ MP+10 Int+5} (severely wounded, 100% to hit)
  8389 | D:8      | Aim: Gastronok, wearing the +3 hat of Pondering {ponderous,
                  | Will+ MP+10 Int+5} (severely wounded, 100% to hit)
  8389 | D:8      | Slain by Gastronok

Vanquished Creatures
  Grinder (D:3)
  2 wyverns (D:7)
  Eustachio (D:5)
  Duvessa (D:5)
  An acid dragon (D:8)
  2 water moccasins (D:7)
  An orc warrior (D:6)
  An ice beast (D:6)
  2 black bears
  2 ogres (D:4)
  2 centaurs
  Blork the orc (D:5)
  A bullfrog (D:6)
  3 scorpions
  Dowan (D:5)
  2 howler monkeys
  8 orc priests
  3 hounds (D:5)
  A jelly (D:5)
  4 sleepcaps
  An iguana (D:5)
  7 orc wizards
  8 adders
  2 shadow imps
  A white imp (D:6)
  4 worms
  2 dart slugs
  40 orcs
  5 endoplasms
  6 giant cockroaches
  7 goblins
  7 hobgoblins
  11 jackals
  2 quokkas
  5 ball pythons
  4 bats
  3 frilled lizards
  6 kobolds
  6 rats
167 creatures vanquished.

Table legend:
 A = Non-vault XP
 B = Vault XP
 C = Vault XP percentage of total XP
 D = Non-vault monster count
 E = Vault monster count
 F = Vault count percentage of total count
                 A         B        C        D         E       F
            +---------+---------+-------+---------+---------+-------
      Total |    3205 |    1220 |  27.6 |     150 |      17 |  10.2
            +---------+---------+-------+---------+---------+-------
        D:1 |      49 |       0 |   0.0 |      26 |       0 |   0.0
        D:2 |      59 |       0 |   0.0 |      20 |       0 |   0.0
        D:3 |      57 |     275 |  82.8 |      19 |       3 |  13.6
        D:4 |     411 |     204 |  33.2 |      22 |       2 |   8.3
        D:5 |     537 |     581 |  52.0 |      27 |       8 |  22.9
        D:6 |     829 |     160 |  16.2 |      15 |       4 |  21.1
        D:7 |    1053 |       0 |   0.0 |      19 |       0 |   0.0
        D:8 |     210 |       0 |   0.0 |       2 |       0 |   0.0
            +---------+---------+-------+---------+---------+-------

Illustrated notes

Table legend:
 A = Kills in this place as a percentage of kills in the entire game.
 B = Kills by you in this place as a percentage of kills by you in the entire game.
 C = Kills by friends in this place as a percentage of kills by friends in the entire game.
 D = Other kills in this place as a percentage of other kills in the entire game.
 E = Experience gained in this place as a percentage of experience gained in the entire game.
 F = Experience gained in this place divided by the number of levels of this place that you have seen.
                   A       B       C       D       E      F
               +-------+-------+-------+-------+-------+----------------------
         Total | 100.0 | 100.0 |   N/A |   N/A | 100.0 | 491.7
       Dungeon | 100.0 | 100.0 |   N/A |   N/A | 100.0 | 553.1
               +-------+-------+-------+-------+-------+----------------------

Table legend: (Time is in decaauts)
 A = Elapsed time spent in this place.
 B = Non-inter-level travel time spent in this place.
 C = Inter-level travel time spent in this place.
 D = Time resting spent in this place.
 E = Time spent auto-exploring this place.
 F = Levels seen in this place.
 G = Mean time per level.
                   A        B        C        D        E       F      G
               +--------+--------+--------+--------+--------+-----+--------+
         Total |   6311 |   6080 |    231 |    910 |   3810 |   9 |  701.2 |
       Dungeon |   6262 |   6045 |    217 |    910 |   3784 |   8 |  782.8 |
        Temple |     49 |     36 |     13 |      0 |     25 |   1 |   49.0 |
               +--------+--------+--------+--------+--------+-----+--------+

Top non-repeatable levels by time:
     D:5: 1686 daAuts
     D:4: 874 daAuts
     D:6: 870 daAuts
     D:2: 805 daAuts
     D:1: 789 daAuts
     D:3: 613 daAuts
     D:7: 530 daAuts
     D:8: 92 daAuts
  Temple: 49 daAuts
